 Dungeon Crawl Stone Soup version 0.32-a0-720-g1d96ad090f (webtiles) character file.

Game seed: 9743017406012169041

271767 krokodildil the Minotaur Barricade (level 19, -10/172 HPs)
             Began as a Minotaur Fighter on Mar 14, 2024.
             Was the Champion of Trog.
             Killed by divine providence
             ... invoked by a smoke demon
              (11 damage)
             ... on level 5 of the Abyss on Mar 16, 2024.
             The game lasted 04:03:53 (52710 turns).

krokodildil the Minotaur Barricade (MiFi)          Turns: 52710, Time: 04:03:54

Health: -10/172    AC: 36    Str: 31      XL:     19   Next: 84%
Magic:  0/16       EV: 14    Int:  5      God:    Trog [******]
Gold:   5846       SH: 43    Dex: 11 (12) Spells: 17/18 levels left

rFire   + . .        a - +10 short sword of Massacring {protect, rN+ Will+}
rCold   . . .        J - +18 shield of the Gong {Loud rN+ Will+ rCorr EV-5}
rNeg    + + .        I - +6 plate armour {rF+}
rPois   .            (helmet restricted)
rElec   +            x - +1 cloak of Starlight {*Dazzle EV+4 Stlth--}
rCorr   +            P - +2 pair of gloves
SInv    .            i - +0 pair of boots
Will    +++++        k - brooch of Shielding {Spirit SH+8} Stlth
                     R - ring of Nonoy {AC+4 Slay+2}
HPRegen 1.00/turn    N - ring "Ufogoul" {rElec EV+5 Str+4 Slay+3}
MPRegen 0.15/turn

%: guardian spirit
@: strong-willed, on berserk cooldown, sick, regenerating, slowed, studying 2
skills, very slow
A: horns 2, retaliatory headbutt, deterioration 2, low MP 1
}: 1/15 runes: serpentine
a: Renounce Religion, Berserk, Trog's Hand, Brothers in Arms


You were on level 5 of the Abyss.
You worshipped Trog.
Trog was exalted by your worship.
You visited 9 branches of the dungeon, and saw 36 of its levels.
You visited the Abyss 1 time.
You visited 2 bazaars.
You also visited: Volcano.

You collected 6611 gold pieces.
You spent 765 gold pieces at shops.

Inventory:

Hand Weapons
 a - the +10 short sword of Massacring (weapon) {protect, rN+ Will+}
   (You found it on level 8 of the Dungeon)

   rN+:       It protects you from negative energy.
   Will+:     It increases your willpower.
 b - a +0 sling
 h - a +4 antimagic mace
 s - a +4 executioner's axe of chaos
 C - a +3 war axe of freezing
Missiles
 S - a throwing net
Armour
 i - a +0 pair of boots (worn)
 x - the +1 cloak of Starlight (worn) {*Dazzle EV+4 Stlth--}
   (You acquired it on level 11 of the Dungeon)

   *Dazzle:   It may blind those who miss an attack against the wearer in melee
   combat.
   EV+4:      It affects your evasion (+4).
   Stlth--:   It makes you much less stealthy.
 I - a +6 plate armour of fire resistance (worn)
 J - the +18 shield of the Gong (worn) {Loud rN+ Will+ rCorr EV-5}
   (You found it on level 8 of the Dungeon)

   Loud:      It is deafeningly noisy when blocking attacks.
   EV-5:      It affects your evasion (-5).
   rN+:       It protects you from negative energy.
   Will+:     It increases your willpower.
   rCorr:     It protects you from acid and corrosion.
 P - a +2 pair of gloves (worn)
Jewellery
 f - a ring of poison resistance
 k - the brooch of Shielding (around neck) {Spirit SH+8}
   (You found it on level 5 of the Lair of Beasts)

   [amulet of guardian spirit]

   Spirit:    It causes incoming damage to be divided between your reserves of
   health and magic.
   SH+8:      It affects your SH (+8).
 o - a ring of see invisible
 w - a ring of protection from cold
 y - the ring "Otade" {*Corrode rPois rF+ Will+ Stlth+}
   (You found it on level 3 of the Snake Pit)

   [ring of protection from fire]

   rF+:       It protects you from fire.
   rPois:     It protects you from poison.
   Will+:     It increases your willpower.
   *Corrode:  It may corrode you when you take damage.
   Stlth+:    It makes you more stealthy.
 B - a ring of fire
 H - the ring of Xom's Whimsicality {rC+ Str+4}
   (You took it off a skeletal warrior on level 13 of the Dungeon)

   [ring of protection from cold]

   Str+4:     It affects your strength (+4).
   rC+:       It protects you from cold.
 N - the ring "Ufogoul" (right hand) {rElec EV+5 Str+4 Slay+3}
   (You took it off an ogre mage on level 13 of the Dungeon)

   [ring of evasion]

   EV+5:      It affects your evasion (+5).
   Str+4:     It affects your strength (+4).
   Slay+3:    It affects your accuracy & damage with ranged weapons and melee
   (+3).
   rElec:     It insulates you from electricity.
 Q - the ring "Engoni" {Will++ Int+6 Stlth-}
   (You took it off a yaktaur on level 13 of the Dungeon)

   [ring of intelligence]

   Int+6:     It affects your intelligence (+6).
   Will++:    It greatly increases your willpower.
   Stlth-:    It makes you less stealthy.
 R - the ring of Nonoy (left hand) {AC+4 Slay+2}
   (You took it off a centaur warrior on level 13 of the Dungeon)

   [ring of protection]

   AC+4:      It affects your AC (+4).
   Slay+2:    It affects your accuracy & damage with ranged weapons and melee
   (+2).
 T - a ring of protection from cold
 W - an amulet of reflection
Wands
 n - a wand of polymorph (4)
 q - a wand of paralysis (4)
 F - a wand of quicksilver (23)
 G - a wand of mindburst (37)
 M - a wand of iceblast (30)
 X - a wand of digging (15)
Scrolls
 c - 3 scrolls of fear
 e - 8 scrolls of teleportation
 g - 2 scrolls of revelation (quivered)
 j - 2 scrolls of torment
 l - 7 scrolls of vulnerability
 u - 6 scrolls of enchant weapon
 D - 7 scrolls of poison
 K - 2 scrolls of identify
 L - a scroll of blinking
 V - 3 scrolls of silence
 Y - 2 scrolls of immolation
Potions
 d - 4 potions of might
 m - 6 potions of lignification
 p - 5 potions of heal wounds
 t - 5 potions of attraction
 v - a potion of berserk rage
 z - 5 potions of enlightenment
 E - 2 potions of cancellation
 O - a potion of haste
 U - 4 potions of curing
Miscellaneous
 r - a phial of floods
 A - a condenser vane
 Z - a phantom mirror


   Skills:
 + Level 16.2 Fighting
 + Level 16.9 Short Blades
 + Level 13.1(14.6) Axes
 + Level 2.7(8.9) Maces & Flails
 - Level 10.2(13.1) Polearms
 + Level 7.6 Ranged Weapons
 + Level 17.0 Armour
 + Level 7.3 Dodging
 + Level 4.4 Stealth
 O Level 27 Shields
 + Level 1.3 Evocations


You had 17 spell levels left.
You knew the following spells:

 Your Spells              Type           Power      Damage    Failure   Level
a - Summon Small Mammal   Summ           0%         N/A       94%         1

Your spell library contained the following spells:

 Spells                   Type           Power      Damage    Failure   Level
 Necrotise                Necr           0%         1d4       94%         1
 Call Canine Familiar     Summ           0%         N/A       100%        3
 Hailstorm                Conj/Ice       0%         3d5       100%        3
 Summon Ice Beast         Ice/Summ       0%         N/A       100%        3
 Vampiric Draining        Necr           0%         2d6       100%        3
 Martyr's Knell           Necr/Summ      0%         N/A       100%        4
 Summon Blazeheart Golem  Fire/Summ      0%         N/A       100%        4
 Curse of Agony           Necr           0%         N/A       100%        5
 Permafrost Eruption      Ice/Erth       0%         2x4d2     100%        6
 Sculpt Simulacrum        Ice/Alch       0%         N/A       100%        6


Dungeon Overview and Level Annotations

Branches:
Dungeon (15/15)            Temple (0/1) D:7            Lair (5/5) D:10
  Swamp (4/4) Lair:3        Snake (4/4) Lair:2        Slime (2/5) Lair:4
    Orc (2/2) D:11            Elf (2/3) Orc:2        Vaults (0/5) D:13
 Depths (1/4) D:15           Hell (visited)         Volcano (visited)
    Dis: Hell:1         Geh: Hell:1         Coc: Hell:1         Tar: Hell:1

Altars:
Ashenzari
Cheibriados
Dithmenos
Elyvilon
Fedhas
Gozag
Makhleb
Nemelex Xobeh
Okawaru
Qazlal
Ru
Trog
Uskayaw
Vehumet
Wu Jian
Xom
Yredelemnul
Zin
Jiyva
Lugonu

Shops:
D:8 [   Orc:2 [*!:*(?   Snake:1 *   Snake:4 [

Portals:
Hell: Depths:1
Abyss: Lair:5
Ziggurat: Depths:1

Annotations:
Hell Geryon


Innate Abilities, Weirdness & Mutations

You have a pair of horns on your head.
You reflexively headbutt those who attack you in melee.
Your body often deteriorates upon taking damage.
Your magical capacity is low. (-10% MP)


Message History

You block the ancient zyme's attack.
BONNNG!
You feel ill.
You hear a bark! x3; You hear a roar!
You hear a horrible gurgling sound! x2
You feel your anger nearly subside.
You are no longer berserk.
You are exhausted.
You feel yourself slow down. You block the raiju's attack.
GONNNNG!
You hear a bark! x2; You hear a horrible gurgling sound!
You feel sick. You block the raiju's attack.
GONNNNG!
The ancient zyme is engulfed in a cloud of scalding steam.
You hear a roar!
You hear a shout!
You hear a roar! x3; You hear a bark! x2
You hear a shout!
You hear a horrible gurgling sound!
A raiju comes into view.
You feel sick. You block the tormentor's attack.
PANG!
You block the tormentor's attack.
PANG!
You feel ill. You block the tormentor's attack.
PANG!
The tormentor closely misses you. The smoke demon gestures at you.
Something smites you!
* * * LOW HITPOINT WARNING * * *
The shadow slips into darkness.
The shadow flickers and vanishes!
Deactivating autopickup; reactivate with Ctrl-A.
You hear a bark! x2; You hear a roar! x2; You hear a horrible gurgling sound! x2
You hear a bark!
There is a gateway leading deeper into the Abyss here.
* * * LOW HITPOINT WARNING * * *
You feel sick.
You are no longer poisoned.
You block the raiju's attack.
GONNNNG!
The tormentor calls on the powers of darkness!
You feel a surge of unholy energy.
The raiju convulses! x3
The smoke demon gestures at you. Something smites you!
You die...

# .# .# .# ..
## .. . .# ..
#..
#.###.##... >
.##.h..##.W. #
....... .# .
.# .#......##
. # #...#.##.#
... .#
#.X†)..x{##..#
. . .
##.).##2@...#
# . #
.#.h##.h#..##
#...RX3#...##
#.#..#§######
....#....#
..#...... .#
#. #.#..#4..
.#
.####.#...#.
.# . ...# .


You could see a tentacled starspawn, a rakshasa, an ancient zyme, a large
abomination, a smoke demon, a tormentor and 2 raiju.

Vanquished Creatures
  Vashnia (Snake:4)
  A tentacled monstrosity (Swamp:3)
  Asterion (Elf:1)
  A walking frostbound tome (Abyss:5)
  A tentacled starspawn (Abyss:5)
  2 acid blobs
  Frances (Swamp:1)
  The ghost of Haudoh the Warrior, an adept CoCK of Uskayaw (Snake:3)
  The ghost of YordlordTheGreat the Stickfighter, an adept HuCA of Vehumet (Snake:1)
  Donald (Swamp:1)
  3 rockslimes (Slime:1)
  5 nagarajas
  Aizul (Snake:2)
  A fire giant (Depths:1)
  A frost giant (Depths:1)
  A deep elf elementalist (Elf:1)
  An orc warlord (Orc:1)
  A deep elf sorcerer (Elf:2)
  3 very ugly things (Depths:1)
  An ironbound preserver (D:12)
  A quicksilver ooze (Lair:4)
  3 stone giants
  A deep elf annihilator (Elf:1)
  3 eleionomae
  A deep elf demonologist (Elf:2)
  4 bunyips
  2 blizzard demons
  An ettin (Abyss:5)
  A merfolk javelineer (Depths:1)
  Snorg (Orc:2)
  Josephine (D:10)
  A fire dragon (Volcano)
  An ice dragon (Depths:1)
  An ogre mage (D:13)
  2 salamander tyrants
  9 hydras
  2 spriggan air magi (Depths:1)
  11 alligators
  Harold (Lair:1)
  7 two-headed ogres
  6 centaur warriors
  A death knight (D:13)
  4 tengu warriors
  4 boulder beetles
  9 anacondas
  A catoblepas (D:14)
  A deep troll earth mage (D:15)
  A vampire mage (Depths:1)
  2 hell hogs (Depths:1)
  8 death yaks
  3 thrashing horrors (Lair:5)
  10 shock serpents
  24 dancing weapons
  15 naga sharpshooters
  An occultist (Abyss:5)
  2 orc high priests (Orc:2)
  3 spriggan berserkers (Depths:1)
  2 hell knights
  15 naga warriors
  2 sun demons (Depths:1)
  A soul eater (D:15)
  7 salamander mystics
  A deep elf knight (Elf:2)
  A sixfirhy (Abyss:5)
  6 skeletal warriors
  A skyshark (Lair:4)
  A shadow wraith (Depths:1)
  4 spriggan druids
  7 goliath frogs
  A spectral anaconda (Snake:3)
  7 large abominations
  2 spatial maelstroms (Abyss:5)
  5 sea snakes
  A sun moth (shapeshifter) (D:13)
  4 deep trolls
  A glowing orange brain (shapeshifter) (Elf:2)
  2 arcanists (D:13)
  6 mana vipers
  A glowing orange brain (Abyss:2)
  A phantasmal warrior (Depths:1)
  3 swamp dragons
  3 deep elf archers
  4 lindwurms
  6 naga ritualists
  A bog body (Swamp:3)
  4 orc knights
  5 thermic dynamos (Elf:1)
  14 deep elf pyromancers
  13 deep elf zephyrmancers
  A shining eye (Slime:1)
  3 will-o-the-wisps
  22 ugly things
  26 salamanders
  6 orc sorcerers
  10 cyclopes
  Maurice (D:11)
  3 manticores
  Joseph (D:7)
  A meliai (D:13)
  14 naga magi
  3 guardian serpents (Snake:3)
  2 vault sentinels (D:8)
  A spectral shock serpent (Snake:3)
  23 elephants
  44 black mambas
  An ice statue (Snake:1)
  14 cane toads
  A kobold blastminer (Orc:1)
  3 smoke demons
  6 gargoyles
  An unseen horror (D:12)
  A kobold demonologist (Abyss:2)
  A komodo dragon (shapeshifter) (Elf:1)
  A tormentor (Abyss:5)
  10 yaktaurs
  An anaconda simulacrum (Snake:3)
  13 komodo dragons
  A tengu conjurer (Depths:1)
  4 rime drakes
  A queen bee (D:10)
  A hydra zombie (D:15)
  3 ancient zymes
  3 polar bears
  7 trolls
  7 tyrant leeches
  2 queen bees (shapeshifter)
  10 hornets
  A hornet (shapeshifter) (Elf:1)
  30 blink frogs
  7 raiju
  5 dream sheep (Lair:3)
  A jumping spider (shapeshifter) (D:15)
  26 slime creatures
  A shadow (D:11)
  2 spectral black mambas (Snake:3)
  3 vampires
  A centaur simulacrum (D:15)
  A culicivora (shapeshifter) (Elf:1)
  13 wraiths
  16 spriggans
  2 water elementals
  A hog (shapeshifter) (Elf:1)
  A shock serpent simulacrum (Snake:3)
  A fire bat (shapeshifter) (Elf:2)
  14 wyverns
  6 fire bats
  3 ynoxinuls
  3 wargs (Orc:2)
  47 yaks
  10 vampire mosquitoes
  9 basilisks
  2 swamp worm simulacra (Swamp:4)
  A neqoxec (Abyss:2)
  3 steam dragons
  13 swamp worms
  A two-headed ogre zombie (D:15)
  3 chaos spawn (Lair:5)
  25 nagas
  13 water moccasins
  An acid dragon (shapeshifter) (Elf:1)
  4 acid dragons
  2 hydra simulacra (Swamp:4)
  A spectral naga (Snake:3)
  3 swamp drakes
  An ice beast (D:5)
  A sky beast (D:6)
  3 black bears
  29 orc warriors
  A black mamba simulacrum (Snake:3)
  An elephant zombie (D:15)
  10 laughing skulls
  12 wolves
  A tengu (shapeshifter) (D:13)
  10 centaurs
  An ogre (shapeshifter) (D:12)
  7 ogres
  A phantom (D:4)
  A weeping skull (Abyss:5)
  6 kobold brigands
  11 bullfrogs
  3 naga simulacra (Snake:3)
  9 small abominations
  2 earth elementals (Elf:1)
  6 wights (D:8)
  3 scorpions
  A gnoll sergeant (D:12)
  A spriggan zombie (D:15)
  35 killer bees
  2 bombardier beetles (D:5)
  2 howler monkeys
  3 electric eels
  7 lava snakes (Depths:1)
  5 jellies
  A centaur zombie (D:15)
  32 orc priests
  3 hounds
  3 sleepcaps
  2 iguanas
  Terence (D:2)
  Natasha (D:3)
  41 orc wizards
  6 gnolls
  6 adders
  A shadow imp (D:5)
  A white imp (D:8)
  4 ufetubi
  2 swamp drake simulacra (Swamp:4)
  4 ribbon worms
  A dart slug (D:3)
  74 orcs
  5 ball pythons
  14 endoplasms
  2 giant cockroaches
  5 goblins
  6 hobgoblins
  4 jackals (D:4)
  2 quokkas
  2 bats
  4 frilled lizards
  39 kobolds
  4 rats
  8 fire vortices (Depths:1)
  2 starspawn tentacles (Abyss:5)
1294 creatures vanquished.

Vanquished Creatures (collateral kills)
  An azure jelly (Lair:4)
  A fire dragon (Depths:1)
  An ettin (Depths:1)
  A death knight (D:12)
  A shock serpent (Snake:2)
  A hell knight (Hell)
  A necromancer (Hell)
  An elephant (Lair:4)
  A freezing wraith (Swamp:4)
  3 hydra simulacra (Swamp:4)
  A goblin (D:3)
  A hobgoblin (D:3)
14 creatures vanquished.

Vanquished Creatures (others)
  A deep elf knight (Elf:2)
  A naga sharpshooter (Snake:4)
  3 salamander mystics (Snake:4)
  2 deep elf pyromancers (Elf:1)
  A guardian serpent (Snake:4)
  An unseen horror (D:13)
  A naga (Snake:2)
  4 orc priests (Orc:2)
  3 orc wizards
  7 killer bee zombies (D:15)
  4 orcs (Orc:2)
  10 foxfires
  4 starspawn tentacles (Abyss:5)
42 creatures vanquished.

Grand Total: 1350 creatures vanquished

Notes
Turn   | Place    | Note
-------+----------+-------------------------------------------
     0 | D:1      | krokodildil the Minotaur Fighter began the quest for the
                  | Orb.
     0 | D:1      | Reached XP level 1. HP: 19/19 MP: 0/0
   215 | D:1      | Reached skill level 4 in Shields
   239 | D:1      | Reached XP level 2. HP: 23/27 MP: 1/1
   943 | D:2      | Reached XP level 3. HP: 32/33 MP: 2/2
  1014 | D:2      | Found a broken altar of Ashenzari.
  1443 | D:2      | Reached XP level 4. HP: 24/40 MP: 3/3
  1641 | D:2      | Noticed Terence
  1649 | D:2      | Killed Terence
  1680 | D:2      | Learned a level 1 spell: Summon Small Mammal
  1899 | D:3      | Reached XP level 5. HP: 47/47 MP: 1/4
  1926 | D:3      | Found a bloodstained altar of Trog.
  1932 | D:3      | Became a worshipper of Trog the Wrathful
  2085 | D:3      | Identified the +2 ring mail of Pathos {Rampage rC+ Will++
                  | rCorr}
  2264 | D:3      | Found a sparkling altar of Nemelex Xobeh.
  2522 | D:3      | Reached skill level 1 in Polearms
  2522 | D:3      | Reached skill level 5 in Armour
  2609 | D:4      | Reached XP level 6. HP: 21/53 MP: 5/5
  2784 | D:4      | Noticed Natasha
  2787 | D:4      | Reached skill level 1 in Dodging
  2946 | D:4      | Reached * piety under Trog
  2954 | D:3      | Killed Natasha
  3123 | D:4      | Reached skill level 5 in Fighting
  3123 | D:4      | Reached XP level 7. HP: 60/61 MP: 6/6
  3231 | D:4      | Reached skill level 5 in Shields
  3239 | D:3      | Reached skill level 5 in Polearms
  3489 | D:5      | Entered Level 5 of the Dungeon
  3677 | D:5      | Reached XP level 8. HP: 57/69 MP: 7/7
  3729 | D:5      | Found a burning altar of Makhleb.
  3729 | D:5      | Noticed an Executioner
  3761 | D:5      | Reached ** piety under Trog
  4781 | D:6      | Found a snail-covered altar of Cheibriados.
  5873 | D:7      | Noticed Joseph
  5882 | D:7      | Killed Joseph
  5883 | D:7      | Reached XP level 9. HP: 12/78 MP: 8/8
  6117 | D:7      | Found a staircase to the Ecumenical Temple.
  6493 | D:7      | Reached skill level 6 in Shields
  7233 | D:8      | Identified the +10 short sword of Massacring {protect, rN+
                  | Will+}
  7262 | D:8      | Reached skill level 1 in Maces & Flails
  7464 | D:8      | Found Jichifaq's Antique Armour Emporium.
  7531 | D:8      | Reached skill level 1 in Short Blades
  7538 | D:8      | Reached skill level 10 in Polearms
  7735 | D:8      | Bought a cloak for 130 gold pieces
  7880 | D:8      | Noticed a vault sentinel
  7880 | D:8      | Noticed a vault sentinel
  7896 | D:8      | Killed a vault sentinel
  7904 | D:8      | Killed a vault sentinel
  7905 | D:8      | Reached XP level 10. HP: 88/88 MP: 9/9
  8021 | D:8      | Found the +18 shield of the Gong {Loud rN+ Will+ rCorr
                  | EV-5}
  8050 | D:8      | Found a blossoming altar of Fedhas.
  8100 | D:8      | Found a white marble altar of Elyvilon.
  8103 | D:8      | Found a radiant altar of Vehumet.
  8278 | D:8      | Reached *** piety under Trog
  8701 | D:9      | Noticed a lindwurm
  8701 | D:9      | Noticed a lindwurm
  8705 | D:9      | Noticed a lindwurm
  8706 | D:9      | Noticed a lindwurm
  8920 | D:9      | Reached skill level 1 in Ranged Weapons
  9058 | D:9      | Noticed a gargoyle
  9352 | D:9      | Killed a gargoyle
  9777 | D:9      | Killed a lindwurm
  9901 | D:9      | Killed a lindwurm
 10259 | D:9      | Killed a lindwurm
 10260 | D:9      | Reached skill level 5 in Ranged Weapons
 10373 | D:9      | Found a hide-covered altar of Uskayaw.
 10373 | D:9      | Found an opulent altar of Gozag.
 10375 | D:9      | Found a sacrificial altar of Ru.
 10396 | D:9      | Found a shadowy altar of Dithmenos.
 10479 | D:10     | Entered Level 10 of the Dungeon
 10486 | D:10     | Noticed Josephine
 10507 | D:10     | Killed Josephine
 10508 | D:10     | Reached skill level 7 in Shields
 10672 | D:9      | Reached XP level 11. HP: 97/97 MP: 10/10
 10828 | D:10     | Reached skill level 8 in Shields
 10951 | D:10     | Reached skill level 5 in Short Blades
 11153 | D:10     | Identified 2 scrolls of acquirement
 11157 | D:10     | Acquired 809 gold pieces
 11158 | D:10     | Acquired 778 gold pieces
 11199 | D:10     | Found a staircase to the Lair.
 11397 | D:10     | Reached **** piety under Trog
 11425 | D:10     | Reached skill level 9 in Shields
 11851 | D:11     | Reached skill level 10 in Shields
 11869 | D:11     | Noticed a boulder beetle
 11981 | D:10     | Killed a boulder beetle
 12198 | D:11     | Reached skill level 11 in Shields
 12203 | D:11     | Found a staircase to the Orcish Mines.
 12211 | D:11     | Reached ***** piety under Trog
 12239 | D:11     | Noticed a two-headed ogre
 12249 | D:11     | Killed a two-headed ogre
 12250 | D:11     | Reached skill level 10 in Armour
 12404 | D:11     | Acquired the +1 cloak of Starlight {*Dazzle EV+4 Stlth--}
 12404 | D:11     | Found the +1 cloak of Starlight {*Dazzle EV+4 Stlth--}
 12996 | D:12     | Reached XP level 12. HP: 106/106 MP: 11/11
 13051 | D:12     | Noticed a two-headed ogre
 13066 | D:12     | Killed a two-headed ogre
 13067 | D:12     | Reached skill level 12 in Shields
 13545 | D:12     | Reached skill level 1 in Stealth
 13596 | D:12     | Noticed an angel
 13597 | D:12     | Found a glowing silver altar of Zin.
 13859 | D:13     | Reached skill level 10 in Fighting
 14349 | D:13     | Noticed a centaur warrior
 14362 | D:13     | Killed a centaur warrior
 14497 | D:13     | Noticed a boulder beetle
 14524 | D:13     | Killed a boulder beetle
 14525 | D:13     | Reached skill level 13 in Shields
 14542 | D:13     | Noticed a centaur warrior
 14545 | D:13     | Noticed a death knight
 14555 | D:12     | Killed a centaur warrior
 14783 | D:13     | Noticed a two-headed ogre
 14792 | D:13     | Killed a two-headed ogre
 15019 | D:13     | Noticed an ironbound preserver
 15029 | D:13     | Noticed a centaur warrior
 15049 | D:12     | Killed an ironbound preserver
 15050 | D:12     | Reached skill level 14 in Shields
 15118 | D:13     | Killed a centaur warrior
 15119 | D:13     | Identified the ring of Xom's Whimsicality {rC+ Str+4}
 15180 | D:12     | Reached XP level 13. HP: 110/114 MP: 12/12
 15317 | D:13     | Identified the ring of Nonoy {AC+4 Slay+2}
 15688 | D:13     | Identified the ring "Engoni" {Will++ Int+6 Stlth-}
 16078 | D:13     | Reached skill level 15 in Shields
 16637 | Lair:1   | Entered Level 1 of the Lair of Beasts
 16651 | Lair:1   | Noticed Harold
 16811 | D:10     | Reached skill level 10 in Short Blades
 16811 | D:10     | Reached skill level 16 in Shields
 16939 | Lair:1   | Killed Harold
 17763 | Lair:2   | Reached skill level 5 in Axes
 18978 | Lair:2   | Reached XP level 14. HP: 124/124 MP: 13/13
 19698 | Lair:2   | Found a staircase to the Snake Pit.
 20134 | Lair:3   | Found a dark tunnel.
 20171 | Volcano  | Entered a volcano
 20298 | Volcano  | Reached skill level 17 in Shields
 20811 | Lair:3   | Found a staircase to the Swamp.
 20829 | Swamp:1  | Entered Level 1 of the Swamp
 20961 | Lair:3   | Upgraded the game from 0.32-a0-702-gc29ba85809 to
                  | 0.32-a0-711-g016ad743e0
 21827 | Lair:3   | Reached skill level 10 in Axes
 22195 | Lair:4   | Received a gift from Trog
 22279 | Lair:4   | Reached skill level 18 in Shields
 22430 | Lair:4   | Found a staircase to the Slime Pits.
 22430 | Lair:4   | Found a viscous altar of Jiyva.
 22629 | Lair:5   | Entered Level 5 of the Lair of Beasts
 22901 | Lair:4   | Reached XP level 15. HP: 37/133 MP: 14/14
 23363 | Orc:1    | Entered Level 1 of the Orcish Mines
 23437 | Orc:1    | Noticed Maurice
 23652 | D:11     | Killed Maurice
 23828 | Orc:1    | Received a gift from Trog
 24744 | D:13     | Identified the ring "Ufogoul" {rElec EV+5 Str+4 Slay+3}
 24891 | D:13     | Found a gate to the Vaults.
 26729 | D:15     | Entered Level 15 of the Dungeon
 26759 | D:15     | Reached skill level 19 in Shields
 26761 | D:15     | Found a staircase to the Depths.
 27191 | D:15     | Found a stormy altar of Qazlal.
 27399 | D:15     | Found a basalt altar of Yredelemnul.
 27824 | Depths:1 | Entered Level 1 of the Depths
 27824 | Depths:1 | Found a gateway to Hell.
 27824 | Depths:1 | Found a one-way gateway to a ziggurat.
 27902 | Depths:1 | Noticed a fire giant
 27920 | Depths:1 | Killed a fire giant
 27921 | Depths:1 | Reached skill level 20 in Shields
 28122 | Depths:1 | Noticed a frost giant
 28147 | Depths:1 | Killed a frost giant
 28246 | D:14     | You fall into a shaft and drop 1 floor!
 28559 | Snake:1  | Entered Level 1 of the Snake Pit
 28579 | Snake:1  | Identified the +2 dagger of Naol {venom, rPois Int+2}
 28618 | Lair:2   | Reached XP level 16. HP: 141/141 MP: 15/15
 29092 | Snake:1  | Found a shimmering altar of Xom.
 29092 | Snake:1  | Noticed YordlordTheGreat's ghost (adept HuCA)
 29093 | Snake:1  | Found a runed translucent door.
 29220 | Snake:1  | Received a gift from Trog
 29658 | Snake:1  | Found Omuc's Clear Minds Boutique.
 30231 | Snake:1  | Killed YordlordTheGreat's ghost
 30232 | Snake:1  | Reached skill level 21 in Shields
 30245 | Snake:1  | Acquired 791 gold pieces
 30425 | Snake:2  | Identified the serpent talisman of Words of Power {rElec
                  | rF+ Int+3}
 30425 | Snake:2  | Noticed Aizul
 30813 | Snake:2  | Killed Aizul
 31733 | Snake:2  | Reached skill level 22 in Shields
 31780 | Snake:2  | Reached skill level 5 in Dodging
 32674 | Snake:3  | Found a runed translucent gate.
 32674 | Snake:3  | Noticed Haudoh's ghost (adept CoCK)
 32675 | Snake:3  | Found a runed translucent gate.
 33188 | Snake:3  | Found a runed translucent gate.
 33340 | Snake:3  | Received a gift from Trog
 33570 | Snake:3  | Found a flickering gateway to a bazaar.
 33580 | Bazaar   | Entered a bazaar
 33580 | Bazaar   | Found Karit's General Store.
 33580 | Bazaar   | Found Geakif's Armour Emporium.
 33582 | Bazaar   | Found Exoyx's Distillery.
 33675 | Bazaar   | Found Istresm's Weapon Emporium.
 33679 | Bazaar   | Bought a +2 pair of gloves for 264 gold pieces
 33718 | Bazaar   | Bought a wand of digging (6) for 277 gold pieces
 33718 | Bazaar   | Bought a scroll of identify for 22 gold pieces
 33747 | Snake:3  | Reached skill level 23 in Shields
 33947 | Snake:3  | Reached XP level 17. HP: 150/150 MP: 16/16
 34323 | Snake:3  | Killed Haudoh's ghost
 34329 | Snake:3  | Identified the ring "Otade" {*Corrode rPois rF+ Will+
                  | Stlth+}
 34344 | Snake:3  | Acquired a scarf of invisibility
 34480 | Snake:4  | Entered Level 4 of the Snake Pit
 35200 | Slime:1  | Entered Level 1 of the Pits of Slime
 35206 | Slime:1  | Noticed an acid blob
 35224 | Slime:1  | Killed an acid blob
 35234 | Slime:1  | Noticed an acid blob
 35968 | Lair:5   | Found the brooch of Shielding {Spirit SH+8}
 36142 | Lair:5   | Reached skill level 24 in Shields
 36307 | Lair:5   | Found a corrupted altar of Lugonu.
 36307 | Lair:5   | Found a one-way gate to the infinite horrors of the Abyss.
 37430 | Orc:2    | Entered Level 2 of the Orcish Mines
 37430 | Orc:2    | Found a flickering gateway to a bazaar.
 37431 | Orc:2    | Found Puezavum's Magic Scroll Boutique.
 37434 | Bazaar   | Entered a bazaar
 37436 | Bazaar   | Found Qepang's Armour Boutique.
 37440 | Bazaar   | Found Oducvol's Book Boutique.
 37440 | Bazaar   | Found Rist's Jewellery Boutique.
 37441 | Bazaar   | Found Xaste's Assorted Antiques.
 37613 | Orc:1    | Received a gift from Trog
 37745 | Orc:2    | Bought a scroll of identify for 36 gold pieces
 37745 | Orc:2    | Bought a scroll of identify for 36 gold pieces
 37812 | Orc:2    | Noticed Snorg
 37844 | Orc:2    | Killed Snorg
 38119 | Orc:2    | Found Fypeurus's Antique Armour Emporium.
 38176 | Orc:2    | Reached ****** piety under Trog
 38214 | Orc:2    | Found Azeopt's Book Emporium.
 38214 | Orc:2    | Found Adiqeil's Assorted Antiques.
 38214 | Orc:2    | Found Kuull's Distillery.
 38280 | Orc:2    | Found Dolu's Assorted Antiques.
 38363 | Orc:2    | Found a staircase to the Elven Halls.
 38371 | Orc:2    | Found an iron altar of Okawaru.
 38519 | Orc:2    | Found Noschiam's Antique Weapon Shop.
 38826 | Elf:1    | Entered Level 1 of the Elven Halls
 38826 | Elf:1    | Noticed Asterion
 39095 | Hell     | Entered the Vestibule of Hell
 39095 | Hell     | Noticed Geryon
 39498 | Depths:1 | Received a gift from Trog
 39653 | Depths:1 | Identified the +2 robe of Elyvilon's Castigation {Rampage
                  | Slay+3}
 39748 | Depths:1 | Reached skill level 25 in Shields
 40435 | Depths:1 | Found an ornate altar of the Wu Jian Council.
 40912 | Depths:1 | Reached XP level 18. HP: 144/159 MP: 17/17
 41645 | Snake:4  | Noticed Vashnia
 41862 | Snake:4  | Got a serpentine rune of Zot
 42722 | Snake:4  | Killed Vashnia
 42723 | Snake:4  | Reached skill level 26 in Shields
 43711 | Snake:4  | Received a gift from Trog
 43935 | Snake:4  | Found Jus Umumoa's Armour Boutique.
 44845 | Swamp:1  | Noticed Frances
 44866 | Swamp:1  | Killed Frances
 45457 | Swamp:2  | Noticed Donald
 45477 | Swamp:1  | Killed Donald
 45965 | Swamp:2  | Reached skill level 15 in Armour
 45995 | Swamp:2  | Reached skill level 27 in Shields
 46968 | Swamp:3  | Reached XP level 19. HP: 152/168 MP: 18/18
 47506 | Swamp:4  | Entered Level 4 of the Swamp
 47847 | Swamp:4  | Reached skill level 1 in Evocations
 48533 | Lair:4   | Reached skill level 15 in Fighting
 48580 | Lair:4   | Upgraded the game from 0.32-a0-711-g016ad743e0 to
                  | 0.32-a0-720-g1d96ad090f
 48586 | Slime:1  | Gained mutation: Your body sometimes deteriorates upon
                  | taking damage. [a shining eye]
 49057 | Slime:1  | Reached skill level 15 in Short Blades
 49584 | Elf:1    | Gained mutation: Your magical capacity is low. (-10% MP) [a
                  | cacodemon]
 49586 | Elf:1    | Gained mutation: Your body often deteriorates upon taking
                  | damage. [a cacodemon]
 49593 | Elf:1    | Received a gift from Trog
 49741 | Elf:1    | Killed Asterion
 51597 | Elf:2    | Received a gift from Trog
 51667 | Elf:2    | Found a runed translucent gate.
 51668 | Elf:2    | Found a runed translucent gate.
 51668 | Elf:2    | Found a runed translucent gate.
 52326 | Abyss:2  | Cast into level 2 of the Abyss (+6 quick blade of
                  | distortion)
 52555 | Abyss:5  | Found a burning altar of Makhleb.
 52709 | Abyss:5  | HP: 2/172 [smoke demon/divine providence (11)]
 52710 | Abyss:5  | Killed from afar by a smoke demon

Illustrated notes

Levels and vault maps discovered:
D:1:      dpeg_arrival_castle, layout_basic, minmay_crystal_room,
          kennysheep_minor_cross
D:2:      layout_basic, basic_altar, serial_park_tiny_pond, minmay_hexomino_c4,
          uniq_terence
D:3:      layout_rooms, nemelex_spade_bored_becter, trog_three_pillars_becter
D:4:      layout_cave_pools, uniq_natasha
D:5:      layout_layer_cave, makhleb_altar_promises_db
D:6:      layout_basic, amcnicky_altar_gilded
D:7:      layout_gridville, minmay_temple_entry_glassed_door,
          minmay_misc_feat_pillars, uniq_joseph
D:8:      kennysheep_kobold_camp, layout_loops_ring,
          grunt_temple_overflow_diamond, serial_shops,
          nicolae_shop_window_shopping, minivault_26,
          hellmonk_guarded_unrand_gong
D:9:      layout_basic, general_overflow_altar, minitemple, minmay_lindwurm_lava
D:10:     layout_basic, dpeg_oklobed_lair, special_room [special_room_bee],
          due_unseen_surprise, uniq_josephine
D:11:     layout_loops_ring, erik_orc_3, minmay_strange_pillars
D:12:     layout_long_grid, zin_angel
D:13:     minmay_the_grid_triangle_9x9_line_8_mashed
          [minmay_the_grid_triangle_9x9_dagger,
          minmay_the_grid_triangle_9x9_odd_lines,
          minmay_the_grid_triangle_9x9_checkered,
          minmay_the_grid_triangle_9x9_stretched_checkered,
          minmay_the_grid_triangle_9x9_zippers_horizontal,
          minmay_the_grid_triangle_9x9_alien,
          minmay_the_grid_triangle_9x9_thin_v,
          minmay_the_grid_triangle_9x9_prize_special], layout_rooms,
          skrybe_vaults_entry_preservation, minmay_misc_feat_five,
          grunt_ministairs_7
D:14:     layout_cave_pools, chequers_serial_rivers_micro_e
D:15:     grunt_enter_depths_giant_problem, layout_irregular_city,
          serial_co_window_serial, co_window_paths_a,
          co_window_of_opportunity_a, co_window_paths_a,
          co_window_of_opportunity_a, co_window_paths_a, co_window_corner_cb,
          co_window_broadway_c, co_window_of_opportunity_b,
          co_window_broadway_c, co_window_paths_c, co_window_paths_d,
          co_window_paths_e, glass_columns_a, glass_columns_b, glass_columns_a,
          glass_columns_c, glass_columns_a, nicolae_qazlal_eye_of_the_storm,
          roadster_capsule_ark_zombie
Lair:1:   layout_gridlike, infiniplex_staircase_pool, uniq_harold
Lair:2:   nzn_winding_woodlands_cross [nzn_winding_woodlands_5x15_concentric,
          nzn_winding_woodlands_5x15_jagged, nzn_winding_woodlands_5x15_zeroes,
          nzn_winding_woodlands_5x15_garden,
          nzn_winding_woodlands_15x15_eel_pit], layout_loops_ring,
          alex1729_snake_entry_snake
Lair:3:   layout_regular_city, swamp_mist, nicolae_volcano_entry_vermiform,
          lemuel_fruit_fields, infiniplex_staircase_pool_2
Lair:4:   beast_lair_carwin_large_2, layout_concentric_octagons,
          minmay_slime_entry_pillars
Lair:5:   hellmonk_lair_end_abyssal_woods, layout_cave_pods,
          gauntlet_entry_generic
Swamp:1:  layout_falls_marsh, nicolae_swamp_very_dense_foliage, uniq_frances
Swamp:2:  layout_basic_swamp, evilmike_swamp_ruin_wall, swamp_pool_1_2,
          lightli_tree_ring, uniq_donald
Swamp:3:  layout_basic_swamp, nicolae_swamp_feature_on_the_river_bank
Swamp:4:  swamp_icy, layout_basic_swamp
Snake:1:  layout_chambers, ebering_ghost_xom,
          portal_ice_cave_entry_ice_statue_one, nicolae_clarity_for_sale
Snake:2:  nicolae_snake_crotalidae_crossing, layout_cave_town, uniq_aizul
Snake:3:  layout_gridlike, gammafunk_ghost_necromancy, serial_shops,
          bzr_in_the_mist, nicolae_integral_box
Snake:4:  snake_pit, layout_misc_corridors, serial_shops,
          nicolae_shop_scrapyard, guppyfry_snake_island, uniq_vashnia
Slime:1:  layout_caves
Slime:2:  layout_caves, nicolae_slime_phagocytosis
Orc:1:    layout_caves, special_room [special_room_orc], uniq_maurice
Orc:2:    st_orc_mages, layout_diamond_mine, serial_shops, bzr_entry_dummy,
          shop_fountains, shop, nicolae_shop_back_alley_shop,
          okawaru_metal_pillars_1_2, uniq_snorg
Elf:1:    nicolae_elf_arrival_fired_up, layout_geoelf_octagon,
          nicolae_elf_shapeshifter_party, uniq_asterion
Elf:2:    nicolae_elf_blades_crystal_corner, layout_onion_city
Depths:1: layout_gridlike, enter_ziggurat_b, serial_aquarium,
          aquarium_bridge_island_large [aquarium_subvault_large_water,
          aquarium_subvault_wall, aquarium_subvault_window,
          aquarium_subvault_window, aquarium_subvault_bridge],
          aquarium_window_1, aquarium_window_1, aquarium_window_3,
          aquarium_window_corner, aquarium_view_4, aquarium_pool_five,
          hell_entry, nicolae_wu_jian_wuxing_cycle
Hell
Abyss:5:  base: Vaults:1, evilmike_abyss_exit_10, small_statue_intersection,
          serial_sigils_hangedman_snap, doesnt_abyss_rune_brain_food,
          evilmike_abyss_exit_10, hangedman_decor_riveting,
          spicy_pingpong_abyss_rune

Skill      XL: |  1  2  3  4  5  6  7  8  9 10 11 12 13 14 15 16 17 18 19 |
---------------+----------------------------------------------------------+-----
Shields        | 4 5 6 7 11 14 16 18 20 23 25 27 | 27.0
Fighting       | 4 5 6 8 9 10 11 12 13 14 16 | 16.2
Armour         | 4 5 6 7 8 9 10 11 12 13 14 15 17 | 17.0
Axes           | 3 4 6 11 13 | 13.1
Polearms       | 2 4 6 9 10 | 10.2
Dodging        | 1 2 3 4 5 6 7 |  7.3
Maces & Flails | 2 |  2.7
Short Blades   | 2 4 7 9 10 11 12 13 14 16 | 16.9
Ranged Weapons | 6 7 |  7.6
Stealth        | 1 2 3 4 |  4.4
Evocations     | 1 |  1.3

Action                     |  1- 3 |  4- 6 |  7- 9 | 10-12 | 13-15 | 16-18 | 19-21 || total
---------------------------+-------+-------+-------+-------+-------+-------+-------++-------
  Melee: War axe           |    61 |    14 |       |       |   793 |       |       ||   868
         Headbutt          |     6 |     8 |    41 |   203 |   391 |   864 |   189 ||  1702
         Trident           |       |    77 |   153 |    17 |       |       |       ||   247
         Short sword       |       |       |    62 |   868 |   679 |  2863 |   781 ||  5253
         Demon whip        |       |       |    17 |       |       |       |       ||    17
   Fire: Sling             |       |       |       |   448 |     5 |    67 |       ||   520
         Arbalest          |       |       |       |     1 |       |       |       ||     1
  Throw: Boomerang         |       |     2 |    10 |    60 |       |       |       ||    72
   Cast: Summon Small Mamm |       |     5 |       |       |       |       |       ||     5
 Invoke: Berserk           |       |       |     1 |     8 |    12 |    14 |     2 ||    37
         Trog's Hand       |       |       |       |     5 |     7 |    12 |     2 ||    26
         Brothers in Arms  |       |       |       |       |     4 |     4 |     1 ||     9
  Evoke: Phantom mirror    |       |       |       |       |     3 |     2 |     1 ||     6
         Phial of floods   |       |       |       |       |       |     2 |       ||     2
         Condenser vane    |       |       |       |       |       |     1 |     1 ||     2
    Use: Potion            |     3 |       |     1 |     1 |     2 |     5 |     7 ||    19
         Scroll            |       |       |       |    14 |     9 |    17 |     6 ||    46
   Stab: Invisible         |       |       |       |     2 |    10 |    13 |     2 ||    27
         Confused          |       |       |       |       |       |     3 |       ||     3
         Distracted        |       |       |       |       |       |     1 |       ||     1
 Armour: Scale mail        |    49 |    19 |       |       |       |       |       ||    68
         Skin              |       |     2 |       |       |       |       |       ||     2
         Ring mail         |       |    42 |    73 |     9 |       |       |       ||   124
         Plate armour      |       |       |   115 |   315 |   628 |   974 |   367 ||  2399
         Chain mail        |       |       |       |       |     8 |       |       ||     8
  Dodge: Dodged            |    27 |    36 |    88 |    42 |   181 |   448 |   147 ||   969
  Block: Buckler           |     7 |    18 |    56 |       |       |       |       ||    81
         Kite shield       |       |       |       |  1079 |  2026 |  4065 |  1091 ||  8261
         Reflection        |       |       |       |       |    72 |   199 |       ||   271

Table legend: (Time is in decaauts)
 A = Elapsed time spent in this place.
 B = Non-inter-level travel time spent in this place.
 C = Inter-level travel time spent in this place.
 D = Time resting spent in this place.
 E = Time spent auto-exploring this place.
 F = Levels seen in this place.
 G = Mean time per level.
                   A        B        C        D        E       F      G
               +--------+--------+--------+--------+--------+-----+--------+
         Total |  51377 |  45057 |   6320 |  14928 |  19181 |  43 | 1194.8 |
       Dungeon |  22093 |  19954 |   2139 |   5884 |   9377 |  15 | 1472.9 |
          Lair |   9461 |   7979 |   1482 |   3135 |   3205 |   5 | 1892.2 |
         Swamp |   3769 |   3230 |    539 |   1093 |   1379 |   4 |  942.2 |
     Snake Pit |   8181 |   6890 |   1291 |   2947 |   2341 |   4 | 2045.2 |
    Slime Pits |    532 |    409 |    123 |    100 |    184 |   2 |  266.0 |
  Orcish Mines |   1996 |   1608 |    388 |    375 |    668 |   2 |  998.0 |
   Elven Halls |   2430 |   2300 |    130 |    775 |   1004 |   2 | 1215.0 |
        Depths |   1862 |   1635 |    227 |    374 |    740 |   1 | 1862.0 |
          Hell |     18 |     18 |      0 |      0 |      0 |   1 |   18.0 |
         Abyss |    294 |    294 |      0 |     56 |     38 |   4 |   73.5 |
        Bazaar |    193 |    193 |      0 |      0 |    123 |   2 |   96.5 |
       Volcano |    545 |    545 |      0 |    185 |    121 |   1 |  545.0 |
               +--------+--------+--------+--------+--------+-----+--------+

Top non-repeatable levels by time:
  Lair:2: 3523 daAuts
 Snake:3: 3124 daAuts
     D:9: 2683 daAuts
    D:12: 2459 daAuts
 Snake:1: 2309 daAuts
    D:13: 2219 daAuts
  Lair:4: 2093 daAuts
    D:11: 1864 daAuts
Depths:1: 1862 daAuts
  Lair:3: 1611 daAuts
 Snake:2: 1555 daAuts
    D:10: 1471 daAuts
    D:15: 1447 daAuts
     D:7: 1382 daAuts
    D:14: 1378 daAuts
